 Dungeon Crawl Stone Soup version 0.19.3-4-gbf9329e (console) character file.

1254 Kloppie the Blocker (level 8, -4/65 HPs)
             Began as a Formicid Fighter on Jan 28, 2017.
             Slain by Blork the orc
             ... wielding a +0 dire flail of protection
              (10 damage)
             ... on level 6 of the Dungeon.
             The game lasted 00:06:10 (5469 turns).

Kloppie the Blocker (Formicid Fighter)              Turns: 5469, Time: 00:06:11

Health: -4/65      AC: 11    Str: 21    XL:     8   Next: 80%
Magic:  7/7        EV:  5    Int:  8    God:
Gold:   232        SH: 11    Dex: 12    Spells: 0 memorised, 7 levels left

rFire  . . .     SeeInvis +     a - +0 war axe
rCold  . . .     Gourm    .     p - +0 plate armour
rNeg   . . .     Faith    .     c - +0 shield
rPois  .         Spirit   .     (helmet unavailable)
rElec  .         Reflect  .     (no cloak)
rCorr  .         Harm     .     (no gloves)
MR     .....                    (no boots)
Stlth  ..........               (no amulet)
                                (no ring)
                                (no ring)

@: no status effects
A: permanent stasis, dig shafts and tunnels, four strong arms, antennae 3, low
mp 1, wild magic 1, no device heal 1
a: Dig, Shaft Self


You were on level 6 of the Dungeon.
You were not hungry.

You visited 1 branch of the dungeon, and saw 7 of its levels.

You collected 232 gold pieces.

Inventory:

Hand Weapons
 a - a +0 war axe (weapon)
 b - a +2 hand axe of chopping
 h - a +0 morningstar
Armour
 c - a +0 shield (worn)
 p - a +0 plate armour (worn)
Wands
 r - a wand of teleportation (3/9)
Scrolls
 d - 2 scrolls of teleportation {unknown}
 e - 3 scrolls of remove curse {unknown}
 j - 2 scrolls of recharging {unknown}
 k - a scroll of enchant armour {unknown}
 m - a scroll of enchant weapon {unknown}
 n - 2 scrolls of blinking {unknown}
 o - 6 scrolls of identify {unknown}
 v - 2 scrolls of amnesia {unknown}
Potions
 s - a potion of flight
 u - a potion of brilliance
Books
 w - a book of Necromancy

   Spells                             Type                      Level
   a - Pain                           Necromancy                   1
   b - Animate Skeleton               Necromancy                   1
   c - Vampiric Draining              Necromancy                   3
   d - Regeneration                   Charms/Necromancy            3
   e - Animate Dead                   Necromancy                   4
   f - Control Undead                 Necromancy                   4
Comestibles
 f - 5 bread rations
 g - 2 beef jerkies
 i - a meat ration
 q - 2 fruits
 t - 3 slices of pizza


   Skills:
 - Level 6.9 Fighting
 + Level 6.0 Axes
 - Level 3.2 Armour
 * Level 8.1 Shields


You had 7 spell levels left.
You didn't know any spells.

Dungeon Overview and Level Annotations

Branches:
Dungeon (7/15)             Temple (0/1) D:6

Altars:
Hepliaklqana

Annotations:
D:4 luab's ghost, amateur SpEn
D:6 Blork the orc


Innate Abilities, Weirdness & Mutations

You are under a permanent stasis effect.
You can dig through walls and to a lower floor.
Your four strong arms can wield two-handed weapons with a shield.
You have a pair of large antennae on your head. (SInv)
Your magical capacity is low. (-10% MP)
Your spells are a little harder to cast, but a little more powerful.
Potions and wands are less effective at restoring your health.


Message History

You see here an arrow.
It was a potion of haste.
Your stasis keeps you stable.
The centaur shoots an arrow.
You block the arrow. You block Blork the orc's attack.
You closely miss Blork the orc.
The centaur shoots an arrow.
You block the arrow.
The centaur shoots an arrow.
The arrow hits you!
* * * LOW HITPOINT WARNING * * *
Blork the orc hits you with a dire flail of protection!
* * * LOW HITPOINT WARNING * * *
The centaur shoots an arrow.
You block the arrow.
The centaur shoots an arrow.
The arrow hits you.
* * * LOW HITPOINT WARNING * * *
You are too injured to fight recklessly!
You are too injured to fight recklessly!
You are too injured to fight recklessly!
The centaur unwields an uncursed shortbow.
The centaur hits you.
* * * LOW HITPOINT WARNING * * *
Blork the orc hits you with a dire flail of protection!
You die...

........##.....'.'...♣..
..!......##....###.....#
.........##....# #....##
.#.......#.....###....#
......$..'............#
.......?.(.####.....###
.#......(### #.....#
......Y(.######.....#
...c..o@.##.........#
......c.###.#########
.......## #.# ......#
#.# .....# #.# ...)#
####.######### +###
#............##
#.##.##.##.#..#
#.##.##.##.##.#


You could see Blork the orc, an ice beast and 2 centaurs.

Vanquished Creatures
  Duvessa (D:5)
  An orc warrior (D:7)
  A phantom (D:6)
  A hornet zombie (D:6)
  2 necrophages
  An ogre (D:6)
  A bullfrog (D:6)
  Dowan (D:5)
  A crimson imp (D:5)
  A centaur zombie (D:6)
  A centaur skeleton (D:4)
  3 hounds
  A bullfrog skeleton (D:6)
  Jessica (D:2)
  Ijyb (D:2)
  An orc wizard (D:7)
  A worker ant (D:6)
  Terence (D:2)
  A hound skeleton (D:5)
  4 gnolls (D:6)
  2 adders
  A shadow imp (D:5)
  An adder zombie (D:6)
  An adder skeleton (D:4)
  A worm (D:3)
  2 dart slugs (D:1)
  2 leopard geckos
  7 orcs
  A ball python (D:3)
  4 giant cockroaches
  6 goblins
  6 hobgoblins
  A jackal (D:3)
  7 kobolds
  3 quokkas
  4 bats
  4 frilled lizards
  A giant cockroach zombie (D:5)
  A leopard gecko zombie (D:5)
  11 rats
92 creatures vanquished.

Notes
Turn   | Place    | Note
-------+----------+-------------------------------------------
     0 | D:1      | Kloppie the Formicid Fighter began the quest for the Orb.
     0 | D:1      | Reached XP level 1. HP: 18/18 MP: 1/1
   409 | D:1      | Reached XP level 2. HP: 15/25 MP: 2/2
   989 | D:1      | Reached XP level 3. HP: 30/30 MP: 3/3
  1056 | D:2      | Noticed Terence
  1056 | D:2      | Noticed Ijyb
  1065 | D:2      | Killed Terence
  1067 | D:2      | Killed Ijyb
  1067 | D:2      | Reached XP level 4. HP: 24/38 MP: 4/4
  1358 | D:2      | Reached skill level 5 in Fighting
  1515 | D:2      | Noticed Jessica
  1523 | D:2      | Killed Jessica
  1523 | D:2      | Reached XP level 5. HP: 43/44 MP: 5/5
  2299 | D:4      | Noticed luab's ghost (amateur SpEn)
  2408 | D:3      | Gained mutation: Potions and wands are less effective at restoring your health. [potion of mutation]
  2408 | D:3      | Gained mutation: Your magical capacity is low. (-10% MP) [potion of mutation]
  2408 | D:3      | Gained mutation: Your spells are a little harder to cast, but a little more powerful. [potion of mutation]
  2553 | D:4      | Reached XP level 6. HP: 39/52 MP: 5/5
  2784 | D:5      | Entered Level 5 of the Dungeon
  3302 | D:5      | Noticed Duvessa
  3302 | D:5      | Noticed Dowan
  3320 | D:5      | Killed Duvessa
  3335 | D:5      | HP: 2/53 [Dowan/dagger (2)]
  3336 | D:5      | Killed Dowan
  3336 | D:5      | Reached XP level 7. HP: 2/59 MP: 6/6
  3946 | D:5      | Reached skill level 4 in Shields
  4157 | D:6      | Reached skill level 5 in Shields
  4213 | D:6      | Reached skill level 5 in Axes
  4443 | D:6      | Reached XP level 8. HP: 36/65 MP: 7/7
  4728 | D:6      | Reached skill level 6 in Shields
  4739 | D:6      | Found a hazy altar of Hepliaklqana.
  4758 | D:6      | HP: 1/65 [bullfrog (4)]
  4763 | D:6      | HP: 1/65 [orc wizard/magic dart (1)]
  5100 | D:7      | Reached skill level 7 in Shields
  5273 | D:6      | Found a staircase to the Ecumenical Temple.
  5398 | D:6      | Reached skill level 8 in Shields
  5463 | D:6      | Noticed Blork the orc
  5469 | D:6      | Slain by Blork the orc

Skill      XL: |  1  2  3  4  5  6  7  8 |
---------------+-------------------------+-----
Fighting       | 4 5 6 |  6.9
Axes           | 3 4 5 6 |  6.0
Shields        | 5 8 |  8.1
Armour         | |  3.2

Action                   |  1- 3 |  4- 6 |  7- 9 || total
-------------------------+-------+-------+-------++-------
Melee: War axe           |    63 |   130 |   161 ||   354
       Hand axe          |       |    62 |       ||    62
  Use: Potion            |     1 |     6 |     4 ||    11
 Stab: Invisible         |       |     1 |       ||     1
  Eat: Chunk             |     1 |     7 |     2 ||    10
       Meat ration       |       |       |     1 ||     1
Armor: Scale mail        |    29 |       |       ||    29
       Plate armour      |       |   137 |    67 ||   204
       Chain mail        |       |     1 |       ||     1
Dodge: Dodged            |    18 |    39 |    34 ||    91
Block: Shield            |    38 |   107 |    99 ||   244
